 Dungeon Crawl Stone Soup version 0.30-a0-223-gcb0039aa0c (webtiles) character file.

Game seed: 9526518023531241386

49 greasedhog the Sneak (level 3, -1/21 HPs)
             Began as a Gargoyle Enchanter on Oct 9, 2022.
             Slain by a gnoll
             ... wielding a +0 halberd
              (10 damage)
             ... on level 2 of the Dungeon.
             The game lasted 00:02:35 (1411 turns).

greasedhog the Sneak (Gargoyle Enchanter)           Turns: 1411, Time: 00:02:36

Health: -1/21      AC:  7    Str: 11    XL:     3   Next: 75%
Magic:  6/6        EV: 11    Int: 15    God:
Gold:   138        SH:  0    Dex: 12    Spells: 6/6 levels left

rFire   . . .      SeeInvis .    a - +1 dagger
rCold   . . .      Faith    .    (no shield)
rNeg    + . .      Spirit   .    h - +1 leather armour
rPois   ∞          Reflect  .    (no helmet)
rElec   +          Harm     .    (no cloak)
rCorr   .          Rampage  .    (no gloves)
Will    .....                    (no boots)
Stlth   ++........               (no amulet)
HPRegen 0.23/turn                b - ring of flight
MPRegen 0.10/turn                (no ring)

@: flying
A: sickness immunity, AC +3, negative energy resistance 1, electricity
resistance, torment resistance 1, petrification resistance
a: no special abilities


You were on level 2 of the Dungeon.
You visited 1 branch of the dungeon, and saw 3 of its levels.

You collected 138 gold pieces.

Inventory:

Hand Weapons
 a - a +1 dagger (weapon)
Armour
 h - a +1 leather armour (worn)
Jewellery
 b - a ring of flight (left hand)
Scrolls
 d - a scroll of enchant armour
Potions
 c - 2 potions of invisibility
 e - a potion of curing {unknown}
 f - a potion of heal wounds {unknown}
 g - a potion of magic {unknown}


   Skills:
 * Level 1.9 Fighting
 * Level 1.9 Short Blades
 - Level 1.5 Dodging
 * Level 4.0 Stealth
 - Level 2.0 Spellcasting
 - Level 2.6 Hexes


You had 6 spell levels left.
You didn't know any spells.
Your spell library contained the following spells:

 Spells                   Type           Power      Damage    Failure   Level
 Ensorcelled Hibernation  Hex/Ice        10%        N/A       26%         2
 Confusing Touch          Hex            9%         N/A       28%         3
 Tukima's Dance           Hex            9%         N/A       28%         3
 Dazzling Flash           Conj/Hex       10%        N/A       45%         3
 Ignite Poison            Fire/Tmut/Pois 1%         N/A       65%         3
 Kindle Blastsparks       Fire/Tloc/Air  2%         2d10      65%         3
 Freezing Cloud           Conj/Ice/Air   0%         6-21      100%        5


Dungeon Overview and Level Annotations

Branches:
Dungeon (3/15)

Altars:


Innate Abilities, Weirdness & Mutations

You are immune to sickness and miasma.
Your stone body is resilient. (AC +3)
You are immune to poison.
You resist negative energy. (rN+)
You are resistant to electric shocks. (rElec)
You are resistant to unholy torment.
You are immune to petrification.


Message History

It is a scroll of enchant armour.
Your +0 leather armour glows green for a moment.
The gnoll shouts!
Blink to where?
Press: ? - help, Dir - move target
Found a black potion and 14 gold pieces.
As you read the scroll labelled UTELOH DUYS, it crumbles to dust.
It was a scroll of blinking.
A sourceless malevolence fills the Dungeon...
You are sucked into a shaft and drop 1 floor!
The shaft crumbles and collapses.
Found a scroll of enchant armour.
Found 5 gold pieces.
Found a stone staircase leading up.
d - a scroll of enchant armour An orc comes into view.
It is wielding a +0 whip.
The orc shouts!
An orc comes into view. It is wielding a +0 falchion.
There is a stone staircase leading up here.
The orc shouts!
You fly upwards.
There is a stone staircase leading down here.
There is a stone staircase leading up here.
A gnoll is nearby!
A gnoll is nearby!
A gnoll is nearby!
The gnoll shouts!
You hear a shout!
There is a stone staircase leading up here.
The gnoll barely misses you.
You hit the gnoll but do no damage. The gnoll misses you.
You hit the gnoll.
The gnoll is moderately wounded.
The gnoll hits you with a +0 halberd!
Ouch! That really hurt!
You hit the gnoll.
The gnoll is heavily wounded.
The gnoll misses you.
You barely miss the gnoll.
The gnoll is heavily wounded.
The gnoll hits you with a +0 halberd!
You die... ....####.#....# ... ...(....<####.####### ggg.

.#.########....[..... .....
.............g.#######......
.###...................#
.###.#.......########....#
.....####...## #####
....#.......########
..#............g@<.##
...........#.#####.>##
.###.#.#.#.#.######..# ÷#
##.#.#..#..†......### .#
#.#...#.########....###
.####.#.#..# ###....#
..##.#.#.#.# ######
####.......# #.....>.#


You could see a gnoll.

Vanquished Creatures
  2 adders (D:2)
  A bat (D:2)
  2 endoplasms (D:1)
  3 giant cockroaches
  5 goblins (D:1)
  5 hobgoblins
  A quokka (D:1)
  3 ball pythons
  3 frilled lizards
  2 kobolds (D:1)
  2 rats (D:2)
29 creatures vanquished.

Notes
Turn   | Place    | Note
-------+----------+-------------------------------------------
     0 | D:1      | greasedhog the Gargoyle Enchanter began the quest for the
                  | Orb.
     0 | D:1      | Reached XP level 1. HP: 10/10 MP: 3/3
    36 | D:1      | Reached skill level 1 in Short Blades
   133 | D:1      | Reached XP level 2. HP: 16/16 MP: 5/5
   255 | D:1      | Reached skill level 1 in Fighting
   959 | D:2      | Reached XP level 3. HP: 16/20 MP: 6/6
  1214 | D:2      | Reached skill level 4 in Stealth
  1370 | D:2      | You are sucked into a shaft and drop 1 floor!
  1411 | D:2      | Slain by a gnoll

Illustrated notes

Levels and vault maps discovered:
D:1:      wander_arrival_abandoned_jail, layout_basic, dk_noncrumbling_2
D:2:      layout_rooms, basic_altar, minmay_tiny_reverse_x
D:3:      layout_rooms, mainiacjoe_overflow_chevrons,
          ebering_ghost_reflecting_pool

Skill      XL: |  1  2  3 |
---------------+----------+-----
Short Blades   | 1 |  1.9
Fighting       | 1 |  1.9
Stealth        | 4 |  4.0
Dodging        | |  1.5
Spellcasting   | |  2.0
Hexes          | |  2.6

Action                   || total
-------------------------++-------
Melee: Dagger            ||   145
       Punch             ||     1
  Use: Scroll            ||     4
 Stab: Sleeping          ||     3
Armor: Robe              ||    28
       Leather armour    ||    20
Dodge: Dodged            ||    90

Table legend: (Time is in decaauts)
 A = Elapsed time spent in this place.
 B = Non-inter-level travel time spent in this place.
 C = Inter-level travel time spent in this place.
 D = Time resting spent in this place.
 E = Time spent auto-exploring this place.
 F = Levels seen in this place.
 G = Mean time per level.
                   A        B        C        D        E       F      G
               +--------+--------+--------+--------+--------+-----+--------+
         Total |   1400 |   1325 |     75 |     23 |    948 |   3 |  466.7 |
       Dungeon |   1400 |   1325 |     75 |     23 |    948 |   3 |  466.7 |
               +--------+--------+--------+--------+--------+-----+--------+

Top non-repeatable levels by time:
     D:1: 969 daAuts
     D:2: 419 daAuts
     D:3: 12 daAuts
